 Dungeon Crawl Stone Soup version 0.30-a0-777-ga9a30cbeda (webtiles) character file.

Game seed: 14199364990071181136

159647 cforsyth the Convoker (level 17, -2/103 HPs)
             Began as a Tengu Summoner on Feb 14, 2023.
             Was an Initiate of Gozag.
             Succumbed to a nagaraja's poison arrow
             ... on level 4 of the Snake Pit.
             The game lasted 02:13:30 (40456 turns).

cforsyth the Convoker (Tengu Summoner)             Turns: 40456, Time: 02:13:30

Health: -2/103     AC: 25    Str: 12    XL:     17   Next: 74%
Magic:  10/36      EV: 19    Int: 32    God:    Gozag
Gold:   3109       SH:  5    Dex: 16    Spells: 2/45 levels left

rFire   + . .      SeeInvis +    N - +7 Throatcutter {drain, coup de grace}
rCold   . . .      Faith    .    (no shield)
rNeg    . . .      Spirit   .    D - +10 scale mail "Ozeety" {rF+ Int+4}
rPois   .          Reflect  +    c - +2 hat
rElec   .          Harm     .    Q - +1 cloak {Will+}
rCorr   .          Rampage  .    J - +2 pair of gloves {Str+3}
Will    ++...                    (boots unavailable)
Stlth   +                        X - amulet of reflection
HPRegen 0.37/turn                x - +6 ring of intelligence
MPRegen 0.25/turn                I - ring of see invisible

@: lethally poisoned (-2 -> -30), forested, flying quickly and evasively, quick
A: beak, talons 3, nimble flight, frail 1
a: Renounce Religion, Potion Petition, Call Merchant, Bribe Branch


You were on level 4 of the Snake Pit.
You worshipped Gozag.
Gozag was most pleased with you.
You visited 5 branches of the dungeon, and saw 27 of its levels.
You also visited: Gauntlet.

You collected 10360 gold pieces.
You spent 1075 gold pieces at shops.
You paid 6176 gold pieces to Gozag.

Inventory:

Hand Weapons
 N - the +7 Throatcutter (weapon) {drain, coup de grace}
   (You found it on level 10 of the Dungeon)
 W - the +9 mace of the Howling Lamprey {heavy, rPois rC+}
   (You found it in a Gauntlet)

   rC:        It protects you from cold.
   rPois:     It protects you from poison.
Missiles
 Y - 3 throwing nets
Armour
 c - a +2 hat (worn)
 w - a scarf of resistance
 D - the +10 scale mail "Ozeety" (worn) {rF+ Int+4}
   (You found it on level 3 of the Snake Pit)

   Int:       It affects your intelligence (+4).
   rF:        It protects you from fire.
 J - a +2 pair of gloves of strength (worn)
 Q - a +1 cloak of willpower (worn)
Jewellery
 t - a ring of fire
 x - a +6 ring of intelligence (left hand)
 I - a ring of see invisible (right hand)
 L - a ring of protection from cold
 V - a ring of positive energy
 X - an amulet of reflection (around neck)
Wands
 a - a wand of quicksilver (17)
 g - a wand of paralysis (23)
 j - a wand of flame (78)
 s - a wand of digging (18)
 z - a wand of iceblast (42)
 B - a wand of mindburst (18)
Scrolls
 d - 4 scrolls of immolation
 e - 2 scrolls of silence
 f - 6 scrolls of blinking
 i - 2 scrolls of poison
 k - 4 scrolls of vulnerability
 m - 10 scrolls of teleportation
 u - 3 scrolls of magic mapping
 y - 4 scrolls of enchant armour
 E - 6 scrolls of fog
 F - 2 scrolls of torment
 G - 4 scrolls of enchant weapon
 H - 7 scrolls of fear
 O - 2 scrolls of amnesia
 P - 2 scrolls of summoning
 R - 4 scrolls of identify
Potions
 b - 4 potions of magic
 h - 8 potions of haste
 l - 10 potions of curing
 n - 5 potions of attraction
 o - 7 potions of brilliance
 p - 3 potions of heal wounds
 q - 7 potions of mutation
 r - 3 potions of resistance
 v - 10 potions of might
 A - 4 potions of lignification
 C - 4 potions of invisibility
 K - 4 potions of ambrosia
 T - 2 potions of berserk rage
 Z - 2 potions of cancellation


   Skills:
 - Level 16.2 Fighting
 - Level 8.0 Armour
 - Level 16.0 Dodging
 - Level 2.0 Stealth
 + Level 14.7 Spellcasting
 + Level 19.0 Summonings


You had 2 spell levels left.
You knew the following spells:

 Your Spells              Type           Power      Damage    Failure   Level
a - Summon Small Mammal   Summ           100%       N/A       0%          1
b - Call Imp              Summ           98%        N/A       0%          2
c - Call Canine Familiar  Summ           98%        N/A       0%          3
d - Summon Guardian Gole  Hex/Summ       71%        N/A       1%          3
e - Summon Lightning Spi  Summ/Air       71%        N/A       1%          4
f - Summon Forest         Summ/Tloc      35%        N/A       4%          5
g - Summon Cactus Giant   Summ           49%        N/A       1%          6
h - Summon Mana Viper     Hex/Summ       71%        N/A       4%          5
i - Summon Hydra          Summ           49%        N/A       2%          7
j - Monstrous Menagerie   Summ           49%        N/A       2%          7

Your spell library contained the following spells:

 Spells                   Type           Power      Damage    Failure   Level
 Beastly Appendage        Tmut           46%        N/A       8%          1
 Sandblast                Erth           46%        2d11      8%          1
 Slow                     Hex            92%        N/A       8%          1
 Cigotuvi's Dreadful Rot  Necr/Pois/Air  46%        N/A       12%         2
 Passwall                 Tmut/Erth      19%        N/A       12%         2
 Poisonous Vapours        Pois/Air       46%        N/A       12%         2
 Scorch                   Fire           46%        2d7       12%         2
 Wereblood                Tmut           23%        N/A       12%         2
 Animate Armour           Summ/Erth      100%       N/A       1%          4
 Summon Ice Beast         Ice/Summ       71%        N/A       1%          4
 Summon Horrible Things   Summ           49%        N/A       21%         8
 Confusing Touch          Hex            23%        N/A       22%         3
 Frozen Ramparts          Ice            46%        1d7       22%         3
 Inner Flame              Hex/Fire       23%        N/A       22%         3
 Kindle Blastsparks       Fire/Tloc/Air  46%        2d13      22%         3
 Mephitic Cloud           Conj/Pois/Air  23%        N/A       22%         3
 Ozocubu's Armour         Ice            23%        N/A       22%         3
 Spider Form              Tmut/Pois      23%        N/A       22%         3
 Stone Arrow              Conj/Erth      46%        3d9       22%         3
 Vampiric Draining        Necr           23%        2d7       22%         3
 Cause Fear               Hex            11%        N/A       58%         4
 Flame Wave               Conj/Fire      23%        2d8       58%         4
 Fulminant Prism          Conj/Hex       11%        3d8       58%         4
 Ice Form                 Ice/Tmut       23%        N/A       58%         4
 Iskenderun's Mystic Bla  Conj/Tloc      23%        2d6       58%         4
 Haunt                    Necr/Summ      35%        N/A       78%         7
 Spellforged Servitor     Conj/Summ      35%        N/A       78%         7
 Iskenderun's Battlesphe  Conj           23%        2d8       91%         5
 Lee's Rapid Deconstruct  Erth           11%        3d8*      91%         5
 Dragon's Call            Summ           49%        N/A       97%         9
 Iron Shot                Conj/Erth      11%        9d3       100%        6
 Ozocubu's Refrigeration  Ice            11%        4d10      100%        7
 Discord                  Hex            11%        N/A       100%        8
 Infestation              Necr           11%        N/A       100%        8
 Animate Dead             Necr           Unusable   N/A       N/A         4

Dungeon Overview and Level Annotations

Branches:
Dungeon (15/15)            Temple (1/1) D:4            Lair (5/5) D:10
 Shoals (0/4) Lair:2        Snake (4/4) Lair:3        Slime (0/5) Lair:4
    Orc (2/2) D:9             Elf (0/3) Orc:2        Vaults (0/5) D:13
 Depths (0/4) D:15        Gauntlet (visited)

Altars:
Ashenzari
Cheibriados
Dithmenos
Elyvilon
Fedhas
Gozag
Hepliaklqana
Kikubaaqudgha
Nemelex Xobeh
Okawaru
Qazlal
Sif Muna
Trog
Uskayaw
Vehumet
Wu Jian
Xom
Yredelemnul
Zin
The Shining One
Jiyva

Shops:
D:4 *   D:7 (   D:9 :   D:12 ?   Orc:1 *   Orc:2 [:*(   Lair:1 ::(==:
Snake:1 !   Snake:2 (   Snake:3 :=:

Annotations:
D:11 2 transporters, asti's ghost, journeyman MiBe
D:14 2 runed translucent doors, Jaliuk's ghost, journeyman DECj
Lair:3 3 runed translucent doors, Kithraux's ghost, journeyman TrAr; Obburaj's ghost, journeyman NaIE


Innate Abilities, Weirdness & Mutations

You have a beak for a mouth.
You have claws for feet.
Your magical nature lets you fly swiftly and evasively.
You are frail. (-10% HP)


Message History

The arrow hits your cactus giant!!
You hear a shout!
You feel very sick.
The nagaraja hits your mana viper with a +0 flail!!
The nagaraja grabs your mana viper.
The nagaraja constricts your mana viper.
Your mana viper bites the nagaraja!
The nagaraja's magic leaks into the air.
The nagaraja spits poison at you. The splash of poison misses you.
The nagaraja constricts your mana viper.
Your mana viper splashes around in the water.
A naga sharpshooter comes into view. It is wielding a +0 shortbow.
You feel very sick.
The nagaraja hits your mana viper with a +0 flail!
The nagaraja constricts your mana viper.
Your mana viper bites the nagaraja.
The nagaraja's magic leaks into the air.
You feel sick. Branches wave dangerously above you.
The nagaraja points at you and mumbles some strange words.
The poison arrow hits you!!
You are more poisoned.
* * * LOW HITPOINT WARNING * * *
The nagaraja constricts your mana viper.
Your mana viper dies!
Your mana viper disappears in a puff of smoke!
The naga sharpshooter shoots an arrow.
The arrow hits your dryad!
Your cactus giant closely misses the nagaraja.
The nagaraja falters for a moment.
* * * LOW HITPOINT WARNING * * *
You feel extremely sick. Branches wave dangerously above you.
Unknown command.
Unknown command.
Blink to where?
Press: ? - help, Dir - move target
As you read the scroll of blinking, it crumbles to dust.
You die...
Your body crumbles into a pile of gold.

#####......$~#R~.......
##........$.)♣§...#.....
..............$...#.....
........).............##
...(..♣####$♣♣...#♣#♣# ...#♣##
♣......# #.## #...♣..♣ #.##
♣......# ...#### #.....@#
########
......#####....).######......####
.................................
.........#.......................
##.......#......)................
#####...................)....###
######.[.)..#####......###
#..).).# #♣###### #......#


There were no monsters in sight!

Vanquished Creatures
  A catoblepas (D:14)
  2 naga warriors
  A shock serpent (Snake:3)
  An orc high priest (Orc:2)
  A mana viper (Snake:4)
  2 ugly things (D:15)
  A guardian serpent (Snake:2)
  4 black mambas
  A cane toad (Lair:2)
  A komodo dragon (Lair:5)
  A yaktaur (shapeshifter) (D:15)
  2 trolls
  2 yaks
  A wyvern (Lair:4)
  4 nagas
  2 water moccasins
  3 nameless horrors
  4 orc warriors (Orc:2)
  2 wolves (Lair:5)
  A bullfrog (Lair:1)
  An electric eel (Lair:2)
  A lava snake (Snake:4)
  An orc priest (D:3)
  A lightning spire (Gauntlet)
  An orc wizard (Orc:2)
  A gnoll (D:12)
  3 orcs
  2 goblins (D:1)
  A ball python (D:1)
  A bush (Lair:4)
50 creatures vanquished.

Vanquished Creatures (collateral kills)
  Jorgrun (Orc:1)
  Gastronok (Orc:1)
  2 nagarajas
  An orc warlord (Orc:2)
  A minotaur (Gauntlet)
  An ettin (Orc:1)
  2 fire dragons
  6 hydras
  Fannar (Lair:1)
  Harold (Orc:1)
  A salamander tyrant (Snake:4)
  Erolcha (Orc:1)
  An ogre mage (D:15)
  A vault guard (D:13)
  The ghost of SirDiesAlot the Geomancer, a journeyman DsEE of Vehumet (Orc:2)
  4 centaur warriors
  Erica (Orc:1)
  4 anacondas
  2 boulder beetles (D:11)
  11 two-headed ogres
  A tengu warrior (D:14)
  2 orc high priests (Orc:2)
  8 naga warriors
  A vampire mage (D:15)
  8 shock serpents
  9 naga sharpshooters
  5 salamander mystics
  A sixfirhy (Gauntlet)
  A fire crab (Gauntlet)
  9 skeletal warriors
  A skyshark (Lair:4)
  4 naga ritualists
  A wizard (D:13)
  A lindwurm (Lair:5)
  2 harpies (Lair:2)
  A necromancer (D:15)
  4 orc knights (Orc:2)
  4 orc sorcerers (Orc:2)
  20 ugly things
  7 cyclopes
  4 manticores
  12 mana vipers
  A fire giant zombie (D:15)
  2 oklob plants (Lair:4)
  A sphinx skeleton (D:15)
  12 salamanders
  10 naga magi
  3 gargoyles (D:11)
  21 black mambas
  2 guardian serpents (Snake:3)
  2 torpor snails
  4 cane toads
  2 molten gargoyles (Lair:5)
  Psyche (D:8)
  An efreet (D:13)
  A kobold demonologist (D:11)
  A yaktaur (shapeshifter) (D:15)
  A rime drake (Lair:2)
  A freezing wraith (D:13)
  11 komodo dragons
  A tengu conjurer (D:14)
  A guardian mummy (D:15)
  Grinder (D:6)
  A wolf spider simulacrum (D:13)
  7 trolls
  7 polar bears
  A meliai (D:11)
  A raiju (Gauntlet)
  A raiju (shapeshifter) (D:13)
  A blink frog (shapeshifter) (D:13)
  11 dream sheep
  8 blink frogs
  4 spriggans
  14 slime creatures
  A centaur simulacrum (D:15)
  2 shadows
  A water elemental (D:11)
  4 wraiths
  A vampire (D:11)
  10 wyverns
  3 fire bats (Gauntlet)
  51 yaks
  5 basilisks
  3 steam dragons
  8 vampire mosquitoes
  A glowing shapeshifter zombie (D:15)
  42 nagas
  14 water moccasins
  4 wargs (Orc:2)
  2 acid dragons
  4 hell hounds (Lair:5)
  21 orc warriors
  3 nameless horrors
  A human skeleton (D:15)
  4 black bears
  2 sky beasts (D:7)
  6 centaurs
  7 ogres
  6 wolves
  A phantom (D:5)
  A lemure (D:6)
  4 kobold brigands
  14 bullfrogs
  2 gnoll sergeants
  3 scorpions
  2 necrophages
  14 wights
  11 killer bees
  5 howler monkeys
  An electric eel (D:14)
  5 lava snakes (Lair:5)
  A hound (D:4)
  2 jellies
  12 orc priests
  3 hell rats (Lair:1)
  4 iguanas
  13 orc wizards
  3 gnolls
  4 adders
  A shadow imp (D:7)
  A white imp (D:5)
  7 ufetubi
  2 worms (D:2)
  40 orcs
  8 endoplasms
  4 goblins
  8 hobgoblins
  4 jackals (D:4)
  13 kobolds
  A quokka (D:2)
  6 ball pythons
  7 bats
  A frilled lizard (D:3)
  2 rats
702 creatures vanquished.

Vanquished Creatures (others)
  3 boulder beetles
  4 two-headed ogres
  A shock serpent (Snake:1)
  A skeletal warrior (D:7)
  A sea snake (shapeshifter) (D:9)
  Pikel (D:6)
  2 cyclopes
  A manticore (D:7)
  Maurice (D:11)
  2 trolls (D:7)
  A raiju (Gauntlet)
  11 yaks
  A wyvern (Lair:5)
  A basilisk (D:11)
  An orc warrior (D:7)
  A wolf (Lair:4)
  3 lemures (D:6)
  A howler monkey (D:11)
  An orc priest (D:9)
  A hell rat (Lair:1)
  An orc (D:7)
  A bush (Lair:3)
  46 fungi
  116 plants
  6 snaplasher vines
  8 withered plants
217 creatures vanquished.

Grand Total: 969 creatures vanquished

Notes
Turn   | Place    | Note
-------+----------+-------------------------------------------
     0 | D:1      | cforsyth the Tengu Summoner began the quest for the Orb.
     0 | D:1      | Reached XP level 1. HP: 10/10 MP: 4/4
   163 | D:1      | Reached skill level 5 in Summonings
   330 | D:1      | Reached XP level 2. HP: 10/15 MP: 3/6
   335 | D:1      | Learned a level 2 spell: Call Imp
   683 | D:1      | Found a faded altar of an unknown god.
   875 | D:2      | Reached XP level 3. HP: 12/19 MP: 0/8
   879 | D:2      | Learned a level 3 spell: Call Canine Familiar
  2060 | D:3      | Reached XP level 4. HP: 21/24 MP: 6/9
  2403 | D:2      | Reached skill level 6 in Summonings
  2595 | D:3      | Gained mutation: Your magical nature lets you fly swiftly
                  | and evasively. [Tengu growth]
  2595 | D:3      | Reached XP level 5. HP: 8/28 MP: 5/11
  2947 | D:3      | Learned a level 3 spell: Summon Guardian Golem
  3181 | D:4      | Found Suriogume's Assorted Antiques.
  3184 | D:4      | Bought a viscous cyan potion for 24 gold pieces
  3184 | D:4      | Bought a coppery potion for 24 gold pieces
  3184 | D:4      | Bought 2 blue potions for 48 gold pieces
  3184 | D:4      | Bought a scroll labelled GUGUBR CEOBB for 27 gold pieces
  3272 | D:4      | Reached skill level 7 in Summonings
  3272 | D:4      | Reached XP level 6. HP: 32/32 MP: 6/13
  3940 | D:4      | Found a staircase to the Ecumenical Temple.
  3951 | Temple   | Entered the Ecumenical Temple
  3987 | Temple   | Became a worshipper of Gozag Ym Sagoz the Greedy
  4180 | D:4      | Found a hazy altar of Hepliaklqana.
  4282 | D:5      | Entered Level 5 of the Dungeon
  4331 | D:5      | Reached skill level 5 in Spellcasting
  4331 | D:5      | Reached XP level 7. HP: 24/36 MP: 8/15
  4337 | D:5      | Reached skill level 8 in Summonings
  4617 | D:5      | Found a stormy altar of Qazlal.
  4776 | D:5      | Found a hide-covered altar of Uskayaw.
  4776 | D:5      | Found an iron altar of Okawaru.
  4853 | D:5      | Found a blossoming altar of Fedhas.
  4983 | D:6      | Noticed Pikel
  5007 | D:6      | Noticed Grinder
  5014 | D:6      | Killed Pikel
  5015 | D:6      | Reached skill level 9 in Summonings
  5015 | D:6      | Reached XP level 8. HP: 18/41 MP: 4/18
  5040 | D:6      | Killed Grinder
  5156 | D:6      | Reached skill level 10 in Summonings
  5237 | D:6      | Identified the +10 plate armour of the Constellations {rC+}
  5543 | D:6      | Reached XP level 9. HP: 45/45 MP: 14/21
  5813 | D:7      | Reached skill level 11 in Summonings
  6212 | D:7      | Noticed a skeletal warrior
  6219 | D:7      | Noticed a two-headed ogre
  6231 | D:7      | Killed a skeletal warrior
  6232 | D:7      | Reached skill level 12 in Summonings
  6237 | D:7      | Killed a two-headed ogre
  6238 | D:7      | Reached XP level 10. HP: 50/50 MP: 14/24
  6300 | D:7      | Reached skill level 13 in Summonings
  6417 | D:7      | Noticed a boulder beetle
  6450 | D:7      | Killed a boulder beetle
  6620 | D:7      | Noticed a boulder beetle
  6650 | D:7      | Killed a boulder beetle
  6651 | D:7      | Reached skill level 10 in Spellcasting
  6842 | D:7      | Noticed a manticore
  6844 | D:7      | Noticed a cyclops
  6854 | D:7      | Killed a manticore
  7060 | D:7      | Killed a cyclops
  7061 | D:7      | Reached skill level 14 in Summonings
  7066 | D:7      | Learned a level 4 spell: Summon Lightning Spire
  7556 | D:7      | Found Etrimad's Antique Weapon Shoppe.
  7567 | D:7      | Bought an ichor-stained rapier for 216 gold pieces
  7567 | D:7      | Identified the +8 rapier of Xoups {freeze, Str+3 Int-2
                  | Dex+4} (You bought it in a shop on level 7 of the Dungeon)
  7838 | D:8      | Reached XP level 11. HP: 54/54 MP: 18/26
  8703 | D:8      | Noticed Psyche
  8713 | D:8      | Killed Psyche
  9002 | D:8      | Identified the +6 war axe of Light {drain, SInv}
  9289 | D:9      | Reached skill level 15 in Summonings
  9363 | D:9      | Found a broken altar of Ashenzari.
  9406 | D:9      | Noticed a two-headed ogre
  9413 | D:9      | Killed a two-headed ogre
  9716 | D:9      | Found a staircase to the Orcish Mines.
  9748 | D:9      | Found a radiant altar of Vehumet.
  9979 | D:9      | Noticed a sea snake
  9993 | D:9      | Killed a sea snake
 10517 | D:9      | Found Zoskaimn's Book Boutique.
 10532 | D:9      | Learned a level 6 spell: Summon Cactus Giant
 10624 | D:10     | Entered Level 10 of the Dungeon
 10634 | D:10     | Noticed a two-headed ogre
 10641 | D:10     | Killed a two-headed ogre
 10644 | D:10     | Reached skill level 16 in Summonings
 10830 | D:10     | Reached XP level 12. HP: 20/59 MP: 17/29
 11000 | D:10     | Found the +4 robe of Folly {Brill Will-∞ Int+8}
 11447 | D:10     | Found the +7 Throatcutter {drain, coup de grace}
 11537 | D:10     | Found a staircase to the Lair.
 11618 | D:10     | Found an ornate altar of the Wu Jian Council.
 11832 | D:11     | Noticed a two-headed ogre
 11850 | D:11     | Killed a two-headed ogre
 11859 | D:11     | Noticed a two-headed ogre
 11865 | D:11     | Killed a two-headed ogre
 11866 | D:11     | Reached skill level 17 in Summonings
 11946 | D:11     | Noticed a two-headed ogre
 11955 | D:11     | Killed a two-headed ogre
 11956 | D:11     | Reached skill level 1 in Fighting
 11956 | D:11     | Reached skill level 1 in Armour
 12122 | D:11     | Noticed a two-headed ogre
 12122 | D:11     | Noticed a boulder beetle
 12123 | D:11     | Noticed Maurice
 12158 | D:11     | Killed a two-headed ogre
 12172 | D:11     | Killed a boulder beetle
 12498 | D:11     | You are sucked into a shaft and drop 3 floors!
 12702 | D:14     | Reached skill level 5 in Armour
 12781 | D:14     | Reached skill level 5 in Fighting
 12979 | D:14     | Reached XP level 13. HP: 60/73 MP: 24/31
 14025 | D:11     | Noticed asti's ghost (journeyman MiBe)
 14026 | D:11     | Found a transporter.
 14562 | D:11     | Killed Maurice
 15019 | D:11     | Found a transporter.
 15222 | D:12     | Reached skill level 5 in Dodging
 15417 | D:12     | Identified the +4 shortbow "Ekyrph" {heavy, Str+3 Stlth+}
 15638 | D:12     | Found Yhof's Magic Scroll Shoppe.
 16196 | Lair:1   | Entered Level 1 of the Lair of Beasts
 16316 | Lair:1   | Noticed Fannar
 16327 | Lair:1   | Killed Fannar
 16944 | Lair:1   | Reached XP level 14. HP: 86/86 MP: 26/32
 18109 | Lair:2   | Reached skill level 10 in Fighting
 18842 | Lair:2   | Found a staircase to the Shoals.
 19442 | Lair:3   | Found a runed translucent gate.
 19444 | Lair:3   | Found a runed translucent gate.
 19446 | Lair:3   | Found a runed translucent gate.
 19449 | Lair:3   | Noticed Obburaj's ghost (journeyman NaIE)
 19449 | Lair:3   | Noticed Kithraux's ghost (journeyman TrAr)
 20062 | Lair:3   | Found a staircase to the Snake Pit.
 20659 | Lair:4   | Found a gate leading to a gauntlet.
 20669 | Gauntlet | Entered a Gauntlet
 20669 | Gauntlet | Found a transporter.
 20669 | Gauntlet | Found a transporter.
 20669 | Gauntlet | Found a runed translucent door.
 20669 | Gauntlet | Found a runed translucent door.
 20669 | Gauntlet | Found a runed translucent door.
 20684 | Gauntlet | Identified 2 scrolls of acquirement
 20684 | Gauntlet | Acquired 608 gold pieces
 20698 | Gauntlet | Acquired Ynahag's Handbook of Accompaniment
 20705 | Gauntlet | Found a runed translucent door.
 20724 | Gauntlet | Found a transporter.
 20741 | Gauntlet | Found a transporter.
 20741 | Gauntlet | Found a transporter.
 20746 | Gauntlet | Found a transporter.
 20746 | Gauntlet | Found a transporter.
 20748 | Gauntlet | Found a transporter.
 20766 | Gauntlet | Found a transporter.
 20776 | Gauntlet | Found a runed translucent gate.
 20777 | Gauntlet | Found a transporter.
 20777 | Gauntlet | Found a runed translucent gate.
 20778 | Gauntlet | Found a runed translucent gate.
 20786 | Gauntlet | Found a transporter.
 20790 | Gauntlet | Found a runed translucent door.
 20804 | Gauntlet | Found a transporter.
 20823 | Gauntlet | Found a transporter.
 20838 | Gauntlet | Found a transporter.
 20879 | Gauntlet | Learned a level 5 spell: Summon Forest
 20887 | Gauntlet | Learned a level 7 spell: Monstrous Menagerie
 20895 | Gauntlet | Learned a level 7 spell: Summon Hydra
 21346 | Gauntlet | Reached skill level 10 in Dodging
 21611 | Gauntlet | Identified the +9 mace of the Howling Lamprey {heavy, rPois
                  | rC+}
 21834 | Lair:4   | Found a viscous altar of Jiyva.
 21835 | Lair:4   | Found a staircase to the Slime Pits.
 22175 | Lair:4   | Found a blossoming altar of Fedhas.
 22921 | Lair:5   | Entered Level 5 of the Lair of Beasts
 23108 | Lair:5   | Reached XP level 15. HP: 97/97 MP: 3/33
 24638 | Lair:5   | Found a large runed translucent door.
 24639 | Lair:5   | Found a large runed translucent door.
 25092 | Orc:1    | Entered Level 1 of the Orcish Mines
 25092 | Orc:1    | Noticed Harold
 25104 | Orc:1    | Killed Harold
 25252 | Orc:1    | Noticed Erica
 25407 | Orc:1    | Killed Erica
 25623 | Orc:1    | Found Kogack's General Store.
 25669 | Orc:1    | Noticed Erolcha
 25701 | Orc:1    | Killed Erolcha
 25844 | Orc:2    | Entered Level 2 of the Orcish Mines
 25848 | Orc:2    | Gained mutation: You are frail. (-10% HP) [a neqoxec]
 26080 | Orc:2    | Found Umnoest's General Store.
 26149 | Orc:2    | Found a runed translucent door.
 26164 | Orc:2    | Noticed SirDiesAlot's ghost (journeyman DsEE)
 26384 | Orc:2    | Found Bomyloekh's Book Shop.
 26737 | Orc:2    | Found Diruz's Antique Armour Emporium.
 26829 | Orc:2    | Noticed an orc warlord
 26853 | Orc:2    | Killed an orc warlord
 26997 | Orc:2    | Found Cobuof's Antique Weapon Emporium.
 27013 | Orc:2    | Found a staircase to the Elven Halls.
 27272 | Orc:2    | Killed SirDiesAlot's ghost
 27391 | Orc:1    | Noticed Gastronok
 27391 | Orc:1    | Noticed Jorgrun
 27399 | Orc:1    | Killed Gastronok
 27403 | Orc:1    | Killed Jorgrun
 28328 | D:13     | Reached XP level 16. HP: 96/96 MP: 15/34
 28446 | D:13     | Found a gate to the Vaults.
 29483 | D:14     | Noticed Jaliuk's ghost (journeyman DECj)
 29484 | D:14     | Noticed a lich
 29487 | D:14     | Noticed a storm dragon
 29550 | D:14     | Found a runed translucent door.
 29564 | D:14     | Found a runed translucent door.
 30376 | D:15     | Entered Level 15 of the Dungeon
 30475 | D:15     | Reached skill level 15 in Fighting
 30877 | D:15     | Found a staircase to the Depths.
 31184 | D:15     | Reached skill level 15 in Dodging
 32361 | Snake:1  | Entered Level 1 of the Snake Pit
 32818 | Snake:1  | Found Rielanatro's Distillery.
 34563 | Snake:2  | Found Karett's Antique Weapon Emporium.
 34871 | Snake:3  | Reached XP level 17. HP: 85/103 MP: 23/35
 35267 | Snake:2  | HP: 5/103 [salamander/+2 glaive of flaming (7)]
 35267 | Snake:2  | HP: 1/103 [salamander/+2 glaive of flaming (4)]
 36806 | Snake:3  | Reached skill level 18 in Summonings
 37562 | Snake:3  | Identified the +10 scale mail "Ozeety" {rF+ Int+4}
 37966 | Snake:3  | Found Naecwet's Book Shoppe.
 37968 | Snake:3  | Found Tuopuij's Jewellery Shop.
 37970 | Snake:3  | Found Inoahoro's Book Shoppe.
 37984 | Snake:3  | Bought the Teachings on Convocation for 736 gold pieces
 37990 | Snake:3  | Learned a level 5 spell: Summon Mana Viper
 38078 | Snake:4  | Entered Level 4 of the Snake Pit
 40271 | Snake:4  | Reached skill level 19 in Summonings
 40455 | Snake:4  | HP: 4/103 [poisoned by a nagaraja (poison arrow)]
 40456 | Snake:4  | Succumbed to a nagaraja's poison arrow

Illustrated notes

Levels and vault maps discovered:
D:1:      dpeg_arrival_windows_large_door, layout_loops_cross,
          shapermc_ecumenical_altar_mp_ritualfount
D:2:      layout_loops_corners
D:3:      layout_basic
D:4:      layout_basic, worldfamousw_hep_ancestral_shrine,
          minmay_temple_entry_hall, serial_shops, kennysheep_mini
D:5:      layout_basic, grunt_temple_overflow_forces_of_nature,
          gammafunk_temple_overflow_elements
D:6:      layout_rooms, uniq_grinder, uniq_pikel
D:7:      minmay_the_grid_octo_2x2 [minmay_the_grid_octo_chip,
          minmay_the_grid_octo_focus, minmay_the_grid_octo_teeth,
          minmay_the_grid_octo_prize_single_spiral], layout_rooms, serial_shops,
          shop_fountains, serial_park_tiny_2, chequers_serial_rivers_room_b
D:8:      layout_gridville, uniq_psyche
D:9:      layout_loops_cross, mainiacjoe_overflow_boulevard,
          nicolae_overflow_crystal_walls, david_orc_1_choice, serial_shops,
          shop_fountains
D:10:     layout_cave_pools, marbit_many_paths, lair_entry_dummy,
          dreamdust_deal_with_the_devil
D:11:     minmay_quarter_circles, layout_irregular_city, serial_column_ruins,
          column_ruins_square_small, column_ruins_hut_ruined,
          column_ruins_grid_3, column_ruins_open_tiny, column_ruins_open_small,
          column_ruins_corridor_T, gammafunk_ghost_smash, lightli_minifort,
          uniq_maurice
D:12:     layout_roguey, serial_shops, shop, nicolae_zen_rock_garden
D:13:     layout_rooms, david_vaults_5, minmay_misc_feat_rugged, kb_rosetta
D:14:     layout_gridville, serial_bayou_lagoon_a, muffindrake_ghost_dual_entry
D:15:     gammafunk_depths_entry_grave, layout_cave_pods, columned_hall_lemuel
Temple:   compressed_dpeg_circular_temple
Lair:1:   layout_roguey, wad_woods_03, grunt_megastairs_5, uniq_fannar
Lair:2:   layout_long_grid, nicolae_shoals_entry_roost, st_stairs_3,
          gammafunk_lair_bear_cave, grunt_megastairs_2
Lair:3:   layout_loops_ring, guppyfry_snake_entry_garden,
          gammafunk_ghost_cemetery
Lair:4:   layout_gridlike, minmay_slime_entry_pillars, gauntlet_entry_generic,
          st_stairs_9, hangedman_tree_tricks, wad_woods_02
Lair:5:   cheibrodos_lair_end_hotspot, layout_loops_ring, serial_bayou_shore_b
Snake:1:  layout_onion_interference, serial_shops,
          nicolae_shop_advertising_works [nicolae_subvault_shop_adworks],
          nicolae_snake_yet_another_twisty_hallway
Snake:2:  layout_onion_interference, minmay_shop_star
Snake:3:  layout_rooms, nrook_guardian_serpent_ordinary, minmay_shop_grove
Snake:4:  minmay_snake_end_coiled, layout_basic, nicolae_snake_gridmaze_tees
Orc:1:    layout_caves, serial_shops, shop, uniq_gastronok, uniq_jorgrun,
          uniq_harold, uniq_erolcha, uniq_erica
Orc:2:    grunt_orc_gardens, layout_caves, grunt_orc_garden, grunt_orc_garden,
          grunt_orc_garden, grunt_orc_garden, ebering_ghost_inner_flame,
          nicolae_orc_flooded_monolith

Skill      XL: |  1  2  3  4  5  6  7  8  9 10 11 12 13 14 15 16 17 |
---------------+----------------------------------------------------+-----
Summonings     | 5 6 7 9 10 12 14 16 17 19 | 19.0
Spellcasting   | 3 4 5 6 7 9 10 12 13 14 | 14.7
Fighting       | 5 9 12 14 16 | 16.2
Armour         | 6 8 |  8.0
Dodging        | 7 11 13 16 | 16.0
Stealth        | |  2.0

Action                     |  1- 3 |  4- 6 |  7- 9 | 10-12 | 13-15 | 16-18 || total
---------------------------+-------+-------+-------+-------+-------+-------++-------
  Melee: Unarmed           |    21 |     7 |    16 |     4 |       |       ||    48
         Kick              |     8 |     3 |     2 |       |    64 |    27 ||   104
         Peck              |     3 |     2 |     3 |       |    45 |    23 ||    76
         Long sword        |       |       |       |       |   122 |    66 ||   188
         Punch             |       |       |       |       |     4 |       ||     4
   Cast: Summon Small Mamm |    35 |    25 |    26 |    26 |     4 |       ||   116
         Call Imp          |     4 |    15 |    15 |    18 |     6 |     1 ||    59
         Call Canine Famil |     7 |    19 |    20 |    54 |    49 |     5 ||   154
         Summon Guardian G |       |       |     6 |    37 |    36 |     5 ||    84
         Summon Lightning  |       |       |       |    29 |    24 |     3 ||    56
         Summon Cactus Gia |       |       |       |    23 |   150 |    98 ||   271
         Monstrous Menager |       |       |       |       |    30 |    32 ||    62
         Summon Hydra      |       |       |       |       |    19 |    32 ||    51
         Summon Forest     |       |       |       |       |    14 |    36 ||    50
         Summon Mana Viper |       |       |       |       |       |    25 ||    25
 Invoke: Call Merchant     |       |       |       |       |     6 |       ||     6
  Evoke: Wand              |       |       |       |       |       |     2 ||     2
    Use: Potion            |     1 |       |       |     2 |       |     3 ||     6
         Scroll            |       |       |    13 |     5 |    15 |     4 ||    37
   Stab: Sleeping          |       |       |       |       |     1 |       ||     1
         Distracted        |       |       |       |       |     1 |     1 ||     2
 Armour: Robe              |     7 |     3 |     5 |     5 |     3 |       ||    23
         Leather armour    |       |       |       |       |    34 |    29 ||    63
         Scale mail        |       |       |       |       |       |    18 ||    18
  Dodge: Dodged            |    27 |    26 |    20 |    34 |   252 |   204 ||   563
  Block: Other             |       |       |       |       |       |    27 ||    27
         Reflection        |       |       |       |       |       |     5 ||     5

Table legend: (Time is in decaauts)
 A = Elapsed time spent in this place.
 B = Non-inter-level travel time spent in this place.
 C = Inter-level travel time spent in this place.
 D = Time resting spent in this place.
 E = Time spent auto-exploring this place.
 F = Levels seen in this place.
 G = Mean time per level.
                   A        B        C        D        E       F      G
               +--------+--------+--------+--------+--------+-----+--------+
         Total |  38899 |  37431 |   1468 |   6536 |  22708 |  28 | 1389.2 |
       Dungeon |  20341 |  19376 |    965 |   2567 |  12713 |  15 | 1356.1 |
        Temple |     63 |     33 |     30 |      0 |     19 |   1 |   63.0 |
          Lair |   7737 |   7349 |    388 |    450 |   5318 |   5 | 1547.4 |
     Snake Pit |   7479 |   7413 |     66 |   2802 |   3077 |   4 | 1869.8 |
  Orcish Mines |   2320 |   2303 |     17 |    281 |   1520 |   2 | 1160.0 |
      Gauntlet |    955 |    955 |      0 |    434 |     59 |   1 |  955.0 |
               +--------+--------+--------+--------+--------+-----+--------+

Top non-repeatable levels by time:
    D:11: 2283 daAuts
 Snake:4: 2065 daAuts
    D:14: 2060 daAuts
 Snake:3: 2028 daAuts
  Lair:5: 1877 daAuts
 Snake:2: 1774 daAuts
  Lair:3: 1693 daAuts
     D:7: 1639 daAuts
 Snake:1: 1610 daAuts
     D:9: 1607 daAuts
    D:15: 1509 daAuts
  Lair:1: 1484 daAuts
    D:13: 1436 daAuts
     D:8: 1430 daAuts
   Orc:2: 1422 daAuts
